 Dungeon Crawl Stone Soup version 0.26.1-11-gd32895ea62 (webtiles) character file.

Game seed: 12816131440897324227

187 jlumianski the Grasshopper (level 5, -1/43 HPs)
             Began as a Gnoll Warper on July 8, 2021.
             Was an Initiate of Okawaru.
             Slain by Sigmund
             ... wielding a +0 scythe
              (8 damage)
             ... on level 3 of the Dungeon.
             The game lasted 00:11:56 (2571 turns).

jlumianski the Grasshopper (Gnoll Warper)           Turns: 2571, Time: 00:11:57

Health: -1/43      AC:  4    Str: 13    XL:     5   Next: 66%
Magic:  12/12      EV: 14    Int: 17    God:    Okawaru [......]
Gold:   82         SH:  0    Dex: 14    Spells: 9/14 levels left

rFire    . . .     SeeInvis .   a - +0 hand axe
rCold    . . .     Faith    .   (no shield)
rNeg     . . .     Spirit   .   b - +0 leather armour
rPois    .         Reflect  .   (no helmet)
rElec    .         Harm     .   (no cloak)
rCorr    .         Rampage  .   f - +0 pair of gloves
Will     .....                  (no boots)
Stlth    ++........             (no amulet)
HPRegen  0.14/turn              (no ring)
MPRegen  0.13/turn              (no ring)

@: no status effects
A: distributed training, fangs 1, strong nose
a: Renounce Religion


You were on level 3 of the Dungeon.
You worshipped Okawaru.
Okawaru was noncommittal.
You visited 1 branch of the dungeon, and saw 3 of its levels.

You collected 82 gold pieces.

Inventory:

Hand Weapons
 a - a +0 hand axe (weapon)
Missiles
 c - 34 bolts
 e - 5 boomerangs of dispersal
 k - 8 stones
 o - 8 boomerangs (quivered)
Armour
 b - a +0 leather armour (worn)
 f - a +0 pair of gloves (worn)
Scrolls
 d - a scroll of blinking
 g - a scroll of fog {unknown}
 h - a scroll of remove curse
 m - a scroll of amnesia {unknown}
 n - a scroll of teleportation {unknown}
 p - 2 scrolls of identify
 q - a scroll of random uselessness {unknown}
 r - 3 scrolls of enchant weapon {unknown}
Potions
 i - a potion of heal wounds
 j - a potion of brilliance
 l - a potion of haste {unknown}
 s - a potion of invisibility {unknown}
 t - a potion of might {unknown}
 u - a potion of flight {unknown}


   Skills:
 + Level 4.8 Fighting
 + Level 1.6 Short Blades
 + Level 1.6 Long Blades
 + Level 4.8 Axes
 + Level 1.6 Maces & Flails
 + Level 1.6 Polearms
 + Level 1.6 Staves
 + Level 1.6 Slings
 + Level 1.6 Bows
 + Level 1.6 Crossbows
 + Level 3.0 Throwing
 + Level 3.0 Armour
 + Level 4.8 Dodging
 + Level 1.6 Stealth
 + Level 1.6 Shields
 + Level 1.6 Unarmed Combat
 + Level 5.2 Spellcasting
 + Level 1.2 Conjurations
 + Level 1.2 Hexes
 + Level 1.2 Summonings
 + Level 1.2 Necromancy
 + Level 5.5 Translocations
 + Level 1.2 Transmutations
 + Level 1.2 Fire Magic
 + Level 1.2 Ice Magic
 + Level 1.2 Air Magic
 + Level 1.2 Earth Magic
 + Level 1.2 Poison Magic
 + Level 1.8 Invocations
 + Level 1.6 Evocations


You had 9 spell levels left.
You knew the following spells:

 Your Spells              Type           Power        Failure   Level
a - Blink                 Tloc           N/A          2%          2
b - Gell's Gravitas       Tloc           11%          5%          3

Your spell library contained the following spells:

 Spells                   Type           Power        Failure   Level
 Lesser Beckoning         Tloc           11%          5%          3
 Teleport Other           Tloc           23%          5%          3
 Passage of Golubria      Tloc           N/A          19%         4


Dungeon Overview and Level Annotations

Branches:
Dungeon (3/15)

Altars:
Okawaru

Annotations:
D:3 Sigmund


Innate Abilities, Weirdness & Mutations

Your experience applies equally to all skills.
You have very sharp teeth.
Your uncanny sense of smell can sniff out nearby items.


Message History

The hobgoblin hits you but does no damage.
Something hits you!
You hit the hobgoblin.
The hobgoblin is moderately wounded.
Something hits you.
The hobgoblin hits you but does no damage.
You closely miss the hobgoblin.
The hobgoblin is moderately wounded.
The hobgoblin misses you.
You closely miss the hobgoblin.
The hobgoblin is moderately wounded.
You hear some strange, mumbled words.
A puff of flame appears from out of thin air!
The puff of flame hits you!
* * * LOW HITPOINT WARNING * * *
The hobgoblin barely misses you.
As you read the scroll labelled TOUROO AHOC, it crumbles to dust.
You feel blessed for a moment.
It was a scroll of remove curse.
Something hits you!
You die...

#.......♣.♣.♣.....#.#
###.#..♣.♣.♣.♣......#
#...♣.♣._.♣.♣...#.#
#....♣.♣.♣.♣....#.#
#.#...♣.♣.♣...†.#.#
#.#....♣.♣......#.#
#.#.#...♣..{#...†.#
#.#........)...#..###
..#######..g@..#.>..#
### ###########.# #.#
#.# #.# #.# ####.#
#....# #....#


You could see a hobgoblin.

Vanquished Creatures
  Jessica (D:3)
  7 adders
  2 adder zombies (D:2)
  3 adder skeletons (D:2)
  A worm (D:2)
  5 dart slugs
  3 leopard geckos (D:1)
  5 bats
  3 bat skeletons (D:2)
  A bat zombie (D:2)
  2 giant cockroaches (D:3)
  6 goblins
  7 hobgoblins
  2 quokkas (D:3)
  2 ball pythons
  6 frilled lizards
  6 kobolds
  A leopard gecko zombie (D:2)
  10 rats
73 creatures vanquished.

Vanquished Creatures (others)
  A withered plant (D:2)
1 creature vanquished.

Grand Total: 74 creatures vanquished

Notes
Turn   | Place    | Note
-------+----------+-------------------------------------------
     0 | D:1      | jlumianski the Gnoll Warper began the quest for the Orb.
     0 | D:1      | Reached XP level 1. HP: 20/20 MP: 6/6
    45 | D:1      | Reached XP level 2. HP: 24/26 MP: 7/7
   647 | D:1      | Reached XP level 3. HP: 27/31 MP: 9/9
   693 | D:1      | Reached skill level 5 in Spellcasting
  1137 | D:2      | Reached skill level 1 in Invocations
  1141 | D:2      | Learned a level 2 spell: Blink
  1145 | D:2      | Learned a level 3 spell: Gell's Gravitas
  1278 | D:2      | Reached skill level 1 in Short Blades
  1278 | D:2      | Reached skill level 1 in Long Blades
  1278 | D:2      | Reached skill level 1 in Maces & Flails
  1278 | D:2      | Reached skill level 1 in Polearms
  1278 | D:2      | Reached skill level 1 in Staves
  1278 | D:2      | Reached skill level 1 in Slings
  1278 | D:2      | Reached skill level 1 in Bows
  1278 | D:2      | Reached skill level 1 in Crossbows
  1278 | D:2      | Reached skill level 1 in Stealth
  1278 | D:2      | Reached skill level 1 in Shields
  1278 | D:2      | Reached skill level 1 in Unarmed Combat
  1278 | D:2      | Reached skill level 1 in Evocations
  1283 | D:2      | Reached XP level 4. HP: 28/38 MP: 11/11
  1558 | D:2      | Reached skill level 1 in Conjurations
  1558 | D:2      | Reached skill level 1 in Hexes
  1558 | D:2      | Reached skill level 1 in Summonings
  1558 | D:2      | Reached skill level 1 in Necromancy
  1558 | D:2      | Reached skill level 1 in Transmutations
  1558 | D:2      | Reached skill level 1 in Fire Magic
  1558 | D:2      | Reached skill level 1 in Ice Magic
  1558 | D:2      | Reached skill level 1 in Air Magic
  1558 | D:2      | Reached skill level 1 in Earth Magic
  1558 | D:2      | Reached skill level 1 in Poison Magic
  1847 | D:2      | Reached XP level 5. HP: 26/43 MP: 12/12
  2324 | D:3      | Noticed Jessica
  2340 | D:3      | Killed Jessica
  2481 | D:3      | Found an iron altar of Okawaru.
  2528 | D:3      | Became a worshipper of Warmaster Okawaru
  2537 | D:3      | Noticed Sigmund
  2571 | D:3      | Slain by Sigmund

Illustrated notes

Levels and vault maps discovered:
D:1:      dpeg_arrival_short_road, layout_loops_ring
D:2:      layout_rooms, serial_undead, serial_undead_e, serial_undead_a,
          serial_undead_a, serial_undead_d
D:3:      layout_basic, okawaru_trees_2, uniq_jessica, uniq_sigmund

Skill      XL: |  1  2  3  4  5 |
---------------+----------------+-----
Spellcasting   | 5 |  5.2
Invocations    | 1 |  1.8
Short Blades   | 1 |  1.6
Long Blades    | 1 |  1.6
Maces & Flails | 1 |  1.6
Polearms       | 1 |  1.6
Staves         | 1 |  1.6
Slings         | 1 |  1.6
Bows           | 1 |  1.6
Crossbows      | 1 |  1.6
Stealth        | 1 |  1.6
Shields        | 1 |  1.6
Unarmed Combat | 1 |  1.6
Evocations     | 1 |  1.6
Conjurations   | 1 |  1.2
Hexes          | 1 |  1.2
Summonings     | 1 |  1.2
Necromancy     | 1 |  1.2
Transmutations | 1 |  1.2
Fire Magic     | 1 |  1.2
Ice Magic      | 1 |  1.2
Air Magic      | 1 |  1.2
Earth Magic    | 1 |  1.2
Poison Magic   | 1 |  1.2
Throwing       | 3 |  3.0
Armour         | 3 |  3.0
Fighting       | |  4.8
Axes           | |  4.8
Dodging        | |  4.8
Translocations | |  5.5

Action                   |  1- 3 |  4- 6 || total
-------------------------+-------+-------++-------
Melee: Hand axe          |    99 |   116 ||   215
       Bite              |    11 |     9 ||    20
Throw: Boomerang         |     2 |     6 ||     8
 Cast: Blink             |       |     2 ||     2
       Gell's Gravitas   |       |     1 ||     1
  Use: Scroll            |       |     2 ||     2
       Potion            |       |     1 ||     1
 Stab: Sleeping          |     1 |       ||     1
Armor: Leather armour    |    31 |    44 ||    75
Dodge: Dodged            |    76 |   126 ||   202
